 Dungeon Crawl Stone Soup version 0.30.0-5-g1a98f26d00 (webtiles) character file.

Game seed: 17505777366678821848

11 monsoonserge the Ducker (level 2, 18/18 HPs)
             Began as a Deep Elf Monk on May 11, 2023.
             Was an Initiate of Yredelemnul.
             Quit the game on level 1 of the Dungeon.
             The game lasted 00:01:26 (289 turns).

monsoonserge the Ducker (Deep Elf Monk)              Turns: 289, Time: 00:01:27

Health: 18/18      AC:  2    Str:  8    XL:     2   Next: 17%
Magic:  4/4        EV: 14    Int: 14    God:    Yredelemnul [......]
Gold:   45         SH:  0    Dex: 17    Spells: 1/1 levels left

rFire   . . .        h - +0 dagger (drain)
rCold   . . .        d - orb {light}
rNeg    . . .        b - +0 robe
rPois   .            (no helmet)
rElec   .            (no cloak)
rCorr   .            (no gloves)
SInv    .            (no boots)
Will    .....        (no amulet)
Stlth   +            (no ring)
HPRegen 0.23/turn    (no ring)
MPRegen 0.09/turn

%: no passive effects
@: glowing
A: no striking features
a: Renounce Religion, Recall Undead Harvest


You were on level 1 of the Dungeon.
You worshipped Yredelemnul.
Yredelemnul was noncommittal.
You visited 1 branch of the dungeon, and saw 1 of its levels.

You collected 45 gold pieces.

Inventory:

Hand Weapons
 h - a +0 dagger of draining (weapon)
Armour
 b - a +0 robe (worn)
 d - an orb of light (worn)
Magical Staves
 g - a staff of earth
Scrolls
 f - a scroll of magic mapping {unknown}
 i - a scroll of noise {unknown}
Potions
 a - a potion of attraction {unknown}
 c - a potion of ambrosia
 e - 2 potions of lignification {unknown}


   Skills:
 + Level 2.6 Fighting
 + Level 3.2 Short Blades
 + Level 3.9 Dodging


You had one spell level left.
You didn't know any spells.
Your spell library was empty.

Dungeon Overview and Level Annotations

Branches:
Dungeon (1/15)

Altars:
Yredelemnul


Message History

a - a metallic green potion
There are no items here.
There is a stone staircase leading down here.
i - a scroll labelled KUOZAITUPT
There are no items here.
An endoplasm comes into view.
The endoplasm freezes you.
You are frozen.
You hit the endoplasm. You drain the endoplasm.
You kill the endoplasm!
A goblin comes into view. It is wielding a +0 club.
The goblin barely misses you.
You barely miss the goblin. The goblin hits you with a +0 club.
You barely miss the goblin. The goblin barely misses you.
You hit the goblin.
You kill the goblin!
Things that are here:
a +0 club; a goblin corpse As you open the door, it creaks loudly!
Found a faded altar of an unknown god.
There is an open door here.
There is a faded altar of an unknown god here.
This altar belongs to (a) Yredelemnul, (b) Vehumet or (c) the Shining One, but you can't tell which.
Press the corresponding letter to learn more about a god, or press enter to convert or escape to cancel.
Yredelemnul accepts your prayer! Yredelemnul welcomes you!
You can now reap souls.
You can now recall your undead harvest.
You swap places.
You swap places.
There is an open door here.
Things that are here:
a +0 club; a goblin corpse A bat comes into view.
The bat hits you but does no damage.
Your bat zombie closely misses the bat.
The bat closely misses you.
You swap places.
The bat barely misses you.
Your bat zombie hits the bat but does no damage.
The bat barely misses you.
Your bat zombie hits the bat.
You hit the bat.
You kill the bat!
Are you sure you want to abandon this character and quit the game? (Confirm with "yes".)

.##. ... ### .# ... .+ ... #####
.# ##.###### #.... #############
#..#.#..# #.... ............#
#..#.'..#####....
............##+##Z.#.#).#.......>
..........###...@Z.#Z#..#........
.###).......#...#Z.###..#........
.# #......#.#####......##........
.# #......# #...###.......... .#
#......# ####............. .#
#......# ..............##. .#
##.##### ..#.##........##. #
#....# #...........##. ######.#.#
####.######...


You could see 2 friendly bat zombies and a friendly adder zombie.

Vanquished Creatures
  2 endoplasms (D:1)
  A giant cockroach (D:1)
  2 goblins (D:1)
  A quokka (D:1)
  2 ball pythons (D:1)
  2 bats (D:1)
10 creatures vanquished.

Notes
Turn   | Place    | Note
-------+----------+-------------------------------------------
     0 | D:1      | monsoonserge the Deep Elf Monk began the quest for the Orb.
     0 | D:1      | Reached XP level 1. HP: 13/13 MP: 3/3
   229 | D:1      | Reached XP level 2. HP: 17/18 MP: 4/4
   273 | D:1      | Found a faded altar of an unknown god.
   276 | D:1      | Prayed at the altar of an unknown god.
   276 | D:1      | Became a worshipper of Yredelemnul the Dark
   289 | D:1      | Quit the game

Illustrated notes

Levels and vault maps discovered:
D:1:      co_arrival_square_in_a_square_in_a_square, layout_basic,
          shapermc_ecumenical_altar_mp_vishouse

Action                     || total
---------------------------++-------
  Melee: Short sword       ||    20
         Dagger            ||    10
 Armour: Robe              ||     4
  Dodge: Dodged            ||    20
